 Dungeon Crawl Stone Soup version 0.24-a0-412-ge138f7e (webtiles) character file.

Game seed: 6034243074478547096

3069 Spazmo the Thaumaturge (level 9, -4/45 HPs)
             Began as a Deep Elf Fire Elementalist on June 6, 2019.
             Killed from afar by Erica (24 damage)
             ... with a bolt of poison
             ... on level 8 of the Dungeon.
             The game lasted 00:21:05 (7074 turns).

Spazmo the Thaumaturge (Deep Elf Fire Elementalist) Turns: 7074, Time: 00:21:05

Health: -4/45      AC: 11    Str:  5    XL:     9   Next: 58%
Magic:  11/25      EV: 13    Int: 24    God:
Gold:   490        SH:  0    Dex: 15    Spells: 13/28 levels left

rFire    . . .     SeeInvis .   m - staff of wizardry
rCold    . . .     Gourm    .   (no shield)
rNeg     . . .     Faith    .   s - +2 robe {MR+}
rPois    .         Spirit   .   u - +0 helmet
rElec    .         Reflect  .   (no cloak)
rCorr    .         Harm     .   (no gloves)
MR       +....                  (no boots)
Stlth    ++........             (no amulet)
HPRegen  0.15/turn              e - +6 ring of protection
MPRegen  0.19/turn              (no ring)

@: lethally poisoned (-4 -> -23)
A: no striking features
a: no special abilities


You were on level 8 of the Dungeon.
You were not hungry.

You visited 2 branches of the dungeon, and saw 9 of its levels.
You also visited: Sewer.

You collected 490 gold pieces.

Inventory:

Hand Weapons
 f - a +3 dagger of pain
Missiles
 i - 277 stones (quivered)
Armour
 s - a +2 robe of magic resistance (worn)
 u - a +0 helmet (worn)
Magical Staves
 m - an uncursed staff of wizardry (weapon)
Jewellery
 e - a +6 ring of protection (left hand)
Wands
 b - a wand of acid (13)
 p - a wand of polymorph (13)
 q - a wand of random effects (18)
 w - a wand of iceblast (6)
 x - a wand of flame (18)
Scrolls
 a - a scroll of blinking
 n - 3 scrolls of remove curse
 o - 2 scrolls of amnesia
 t - 5 scrolls of identify
Potions
 d - a potion of haste
 g - a potion of brilliance
 h - 2 potions of curing
 j - 2 potions of heal wounds
 k - a potion of might {unknown}
 l - a potion of agility
 r - a potion of flight {unknown}
 z - a potion of magic
Comestibles
 c - 17 rations
 v - 8 chunks of flesh


   Skills:
 - Level 2.5 Dodging
 - Level 2.5 Stealth
 + Level 10.4 Spellcasting
 + Level 8.5 Conjurations
 + Level 9.1 Fire Magic


You had 13 spell levels left.
You knew the following spells:

 Your Spells              Type           Power        Failure   Level  Hunger
a - Flame Tongue          Conj/Fire      #####        1%          1    None
b - Throw Flame           Conj/Fire      ######       1%          2    None
c - Conjure Flame         Conj/Fire      ######..     1%          3    None
d - Sticky Flame          Conj/Fire      ######..     1%          4    None
e - Fireball              Conj/Fire      ######....   1%          5    ####...

Your spell library contained the following spells:

 Spells                   Type           Power        Failure   Level  Hunger
 Inner Flame              Hex/Fire       ####....     1%          3    None


Dungeon Overview and Level Annotations

Branches:
Dungeon (8/15)             Temple (1/1) D:5
   Lair: D:8-11

Altars:
Ashenzari
Cheibriados
Dithmenos
Elyvilon
Fedhas
Gozag
Kikubaaqudgha
Nemelex Xobeh
Okawaru
Qazlal
Ru
Sif Muna
Trog
Uskayaw
Xom
Yredelemnul
Zin
The Shining One

Shops:
D:8 *

Annotations:
D:6 2 transporters
D:8 1 transporter, Erica; PanadianCanda's ghost, novice HOFi


Message History

Erica is covered in liquid flames!
You feel sick.
Erica burns!
Erica hits you but does no damage.
Casting: Sticky Flame (safe; 1% risk of failure)
Confirm with . or Enter, or press ? or * to list all spells.
Aiming: Flame Tongue (safe; 1% risk of failure)
Press: ? - help, Shift-Dir - straight line, f/p - Erica
Aim: Erica, wielding a +4 scimitar of flaming and wearing a +1 robe of magic resistance (heavily wounded, covered in liquid flames, unusually agile)
The flame tongue hits Erica.
Erica is heavily wounded.
You feel sick.
Erica burns!
You feel sick.
Erica burns!
Erica points at you and mumbles some strange words.
You resist with almost no effort.
You feel sick.
You feel sick.
Erica burns!
Erica gestures at you while chanting. The bolt of poison hits you!!
You are more poisoned.
Ouch! That really hurt!
You die...

#.# #...............#.###
#.#######.#.##.#####.#....
#......)..#.##.# #......
#############.##.# #######
^...........#.##.#
########......##.# #.#.#
#.##.####.# #.#.# #.##.#
..# #.#.# #.##@###.###
#.#.# #.##.#.....# #.#.#
#.##.#.....## #.#.####
#.##.@....... #.#....##
#.####.....## ##.#.....#
#.# .....# .........# #.#
##.### ####.....####.# .#
# ##........[# #


You could see Erica (burning).

Vanquished Creatures
  Sigmund (D:4)
  Menkaure (D:4)
  A hungry ghost (D:6)
  Edmund (D:5)
  Purgy (Sewer)
  2 orc warriors
  A black bear (D:4)
  3 sky beasts (D:7)
  3 ogres
  A phantom (D:4)
  3 centaurs
  2 bullfrogs
  The ghost of everene the Skirmisher, a weakling FoBe of Trog (D:4)
  A howler monkey (D:8)
  A bullfrog zombie (D:6)
  4 crimson imps
  A centaur zombie (D:8)
  5 hounds
  3 jellies
  5 orc priests
  2 orc wizards (D:6)
  Terence (D:3)
  Jessica (D:3)
  4 iguanas
  3 worker ants
  A worker ant zombie (D:7)
  Robin (D:3)
  4 gnolls (D:5)
  5 adders
  3 shadow imps
  2 oozes
  3 worms (D:2)
  7 leopard geckos
  14 orcs
  10 bats
  12 giant cockroaches
  16 goblins
  5 hobgoblins
  4 jackals
  6 kobolds
  3 quokkas
  3 ball pythons
  7 frilled lizards
  10 rats
168 creatures vanquished.

Notes
Turn   | Place    | Note
-------+----------+-------------------------------------------
     0 | D:1      | Spazmo the Deep Elf Fire Elementalist began the quest for
                  | the Orb.
     0 | D:1      | Reached XP level 1. HP: 10/10 MP: 6/6
   141 | D:1      | Reached XP level 2. HP: 15/15 MP: 6/8
   146 | D:1      | Learned a level 2 spell: Throw Flame
   840 | D:2      | Reached XP level 3. HP: 14/19 MP: 3/10
   845 | D:2      | Learned a level 3 spell: Conjure Flame
  1090 | D:2      | Reached skill level 4 in Spellcasting
  1201 | D:2      | Reached XP level 4. HP: 24/24 MP: 9/12
  1207 | D:2      | Learned a level 4 spell: Sticky Flame
  1319 | D:2      | Found a glowing silver altar of Zin.
  1489 | D:2      | Found a bloodstained altar of Trog.
  2193 | D:3      | Noticed Jessica
  2196 | D:3      | Killed Jessica
  2196 | D:3      | Reached XP level 5. HP: 28/28 MP: 11/14
  2203 | D:3      | Noticed Terence
  2215 | D:3      | Killed Terence
  2215 | D:3      | Reached skill level 5 in Spellcasting
  2338 | D:3      | Noticed Robin
  2343 | D:3      | Killed Robin
  2678 | D:4      | Noticed Menkaure
  2688 | D:4      | Killed Menkaure
  2688 | D:4      | Reached skill level 5 in Fire Magic
  2688 | D:4      | Reached XP level 6. HP: 32/32 MP: 7/16
  2695 | D:4      | Learned a level 5 spell: Fireball
  2764 | D:4      | Found a runed translucent gate.
  2766 | D:4      | Found a runed translucent gate.
  2767 | D:4      | Found a runed translucent gate.
  2768 | D:4      | Found an opulent altar of Gozag.
  2770 | D:4      | Noticed everene's ghost (weakling FoBe)
  2787 | D:4      | Reached skill level 6 in Spellcasting
  3056 | D:4      | Killed everene's ghost
  3156 | D:4      | Noticed Sigmund
  3161 | D:4      | Killed Sigmund
  3161 | D:4      | Reached skill level 5 in Conjurations
  3161 | D:4      | Reached XP level 7. HP: 36/36 MP: 6/19
  3505 | D:5      | Entered Level 5 of the Dungeon
  3544 | D:5      | Reached skill level 7 in Spellcasting
  3562 | D:5      | Found a shattered altar of Ashenzari.
  3581 | D:5      | Noticed Edmund
  3595 | D:5      | Killed Edmund
  3608 | D:5      | Found a staircase to the Ecumenical Temple.
  3618 | Temple   | Entered the Ecumenical Temple
  3965 | D:5      | Found a glowing drain.
  3976 | Sewer    | Entered a sewer
  4053 | Sewer    | Noticed Purgy
  4060 | Sewer    | Killed Purgy
  4060 | Sewer    | Reached XP level 8. HP: 41/41 MP: 9/21
  4515 | D:5      | Reached skill level 8 in Spellcasting
  4759 | D:6      | Found a transporter.
  4759 | D:6      | Found a transporter.
  4759 | D:6      | Noticed a kobold demonologist
  5013 | D:6      | Found a basalt altar of Yredelemnul.
  5091 | D:6      | Found a white marble altar of Elyvilon.
  5160 | D:6      | Found a sparkling altar of Nemelex Xobeh.
  5248 | D:6      | Reached skill level 9 in Spellcasting
  5648 | D:7      | Reached XP level 9. HP: 11/45 MP: 14/24
  5737 | D:7      | Found a glowing golden altar of the Shining One.
  5823 | D:7      | Found a snail-covered altar of Cheibriados.
  6284 | D:7      | Reached skill level 10 in Spellcasting
  6605 | D:8      | Found an opulent altar of Gozag.
  6607 | D:8      | Found Gozag's Platinum Reserve.
  6780 | D:8      | Found a glowing golden altar of the Shining One.
  6950 | D:8      | Found a transporter.
  6950 | D:8      | Identified the +6 spear "Vyeneg" {antimagic, Str+4}
  6951 | D:8      | Noticed a troll
  6961 | D:8      | Found a bloodstained altar of Trog.
  6961 | D:8      | Noticed a moth of wrath
  6968 | D:8      | Noticed PanadianCanda's ghost (novice HOFi)
  7064 | D:8      | Noticed Erica
  7074 | D:8      | Killed from afar by Erica

Levels and vault maps discovered:
D:1:      scummos_arrival_star, layout_basic
D:2:      layout_basic, zin_statuary, lemuel_doored_altar, serial_curves,
          eino_curves_04, eino_curves_03
D:3:      layout_loops_ring, uniq_terence, uniq_jessica, uniq_robin
D:4:      layout_loops_ring, ebering_ghost_gozag,
          hangedman_decor_diamond_cutter, uniq_menkaure, uniq_sigmund
D:5:      layout_gridville, minmay_temple_entry_proselytizer,
          portal_sewer_entry_f, first_ration, minmay_holes, ashenzari_altar_1,
          uniq_edmund
D:6:      layout_rooms, gammafunk_temple_overflow_arena, kennysheep_mini,
          nemelex_spade_bored_becter
D:7:      layout_loops_ring, grunt_temple_overflow_lords_of_destruction,
          lemuel_crystal_altar, basic_altar, grunt_ogre_cave,
          hangedman_abyss_or_decor_lesser_grid, minmay_hedge_maze
D:8:      layout_loops_ring, marbit_many_paths, nicolae_gozag_zags_fifth_avenue,
          gammafunk_ghost_wrathful_warriors, uniq_erica
Temple:   minmay_temple_curvy_loop

Skill      XL: |  1  2  3  4  5  6  7  8  9 |
---------------+----------------------------+-----
Conjurations   | 2 3 4 5 7 8 |  8.5
Spellcasting   | 4 5 6 7 9 10 | 10.4
Fire Magic     | 4 5 6 8 9 |  9.1
Dodging        | |  2.5
Stealth        | |  2.5

Action                   |  1- 3 |  4- 6 |  7- 9 || total
-------------------------+-------+-------+-------++-------
Melee: Dagger            |    13 |       |    11 ||    24
       Unarmed           |       |     2 |       ||     2
Throw: Stone             |       |     9 |     2 ||    11
 Cast: Flame Tongue      |    72 |   114 |   201 ||   387
       Throw Flame       |       |     5 |    33 ||    38
       Sticky Flame      |       |     3 |    19 ||    22
       Conjure Flame     |       |     4 |     1 ||     5
Evoke: Wand              |       |       |     7 ||     7
  Use: Scroll            |     3 |     4 |     1 ||     8
       Potion            |       |     3 |     4 ||     7
  Eat: Chunk             |     1 |     4 |    11 ||    16
       Ration            |       |     1 |     2 ||     3
Armor: Robe              |     5 |     9 |    28 ||    42
Dodge: Dodged            |    14 |    37 |    50 ||   101

Table legend:
 A = Non-vault XP
 B = Vault XP
 C = Vault XP percentage of total XP
 D = Non-vault monster count
 E = Vault monster count
 F = Vault count percentage of total count
                 A         B        C        D         E       F
            +---------+---------+-------+---------+---------+-------
      Total |    3209 |    1176 |  26.8 |     141 |      27 |  16.1
            +---------+---------+-------+---------+---------+-------
        D:1 |      33 |       0 |   0.0 |      21 |       0 |   0.0
        D:2 |      93 |       0 |   0.0 |      32 |       0 |   0.0
        D:3 |      64 |     101 |  61.2 |      12 |       9 |  42.9
        D:4 |     197 |     589 |  74.9 |       4 |       5 |  55.6
        D:5 |     308 |     212 |  40.8 |      14 |       5 |  26.3
        D:6 |    1030 |       0 |   0.0 |      23 |       0 |   0.0
        D:7 |     959 |     118 |  11.0 |      19 |       1 |   5.0
        D:8 |     525 |      13 |   2.4 |      16 |       1 |   5.9
      Sewer |       0 |     143 | 100.0 |       0 |       6 | 100.0
            +---------+---------+-------+---------+---------+-------
